 Dungeon Crawl Stone Soup version 0.26-a0-854-gdc81c2f471 (webtiles) character file.

Game seed: 14207807019216290136

112093 RaHiT the Covert (level 16, -7/109 HPs)
             Began as an Octopode Delver on Nov 23, 2020.
             Was the Champion of Cheibriados.
             Killed from afar by Nikola (26 damage)
             ... with a chain lightning
             ... on level 1 of the Swamp on Nov 24, 2020.
             The game lasted 03:45:11 (33825 turns).

RaHiT the Covert (Octopode Delver)                 Turns: 33825, Time: 03:45:12

Health: -7/109     AC:  5    Str: 27    XL:     16   Next: 59%
Magic:  37/38      EV: 28    Int: 36    God:    Cheibriados [******]
Gold:   2618       SH: 11    Dex: 29    Spells: 22/33 levels left

rFire    + + .     SeeInvis +     - Unarmed
rCold    . . .     Faith    .   G - +3 buckler {rF+}
rNeg     + . .     Spirit   .   (helmet currently unavailable)
rPois    +         Reflect  .   j - amulet of regeneration
rElec    .         Harm     .   R - ring of magical power
rCorr    +         Rampage  .   x - ring of protection from magic
MR       ++++.                  K - +4 ring of evasion
Stlth    ++++++++..             V - ring of poison resistance
HPRegen  0.68/turn              U - ring of positive energy
MPRegen  0.26/turn              N - ring of resist corrosion
                                v - +4 ring of protection
                                L - ring of the Mage {Wiz MR++ Int+3}

@: appendages, very slightly contaminated, very slow
A: almost no armour, stealthy swim, amphibious, 8 rings, constrict 8, tentacle
spike 3, camouflage 1, see invisible, fire resistance 1, sense surroundings 1,
gelatinous body 1
a: End Transformation, Bend Time, Temporal Distortion, Slouch, Step From Time,
Renounce Religion


You were on level 1 of the Swamp.
You worshipped Cheibriados.
Cheibriados was exalted by your worship.
One of your tentacles had a temporary spike.
You visited 5 branches of the dungeon, and saw 25 of its levels.

You collected 3641 gold pieces.
You spent 1023 gold pieces at shops.

Inventory:

Hand Weapons
 D - the +6 war axe "Hucov" {holy, +Inv rPois}
   (You found it on level 5 of the Lair of Beasts)

   It has been blessed by the Shining One to cause great damage to the undead
   and demons.
   It protects you from poison.
   It lets you turn invisible.
Missiles
 l - 803 stones
 p - 4 javelins
 q - 13 boomerangs
 t - 5 curare-tipped darts (quivered)
 y - 4 silver javelins
 M - 2 silver boomerangs
Armour
 B - a +2 hat (melded)
 G - a +3 buckler of fire resistance (worn)
Jewellery
 c - a +4 ring of protection
 j - an amulet of regeneration (around mantle)
 v - a +4 ring of protection (on tentacle)
 x - a ring of protection from magic (right tentacle)
 K - a +4 ring of evasion (on tentacle)
 L - the ring of the Mage (on tentacle) {Wiz MR++ Int+3}
   (You bought it in a shop on level 2 of the Orcish Mines)

   [ring of wizardry]

   It improves your spell success rate.
   It affects your intelligence (+3).
   It affects your resistance to hostile enchantments.
 N - a ring of resist corrosion (on tentacle)
 R - a ring of magical power (left tentacle)
 U - a ring of positive energy (on tentacle)
 V - a ring of poison resistance (on tentacle)
Wands
 e - a wand of digging (3)
 i - a wand of acid (15)
 k - a wand of disintegration (14)
 E - a wand of polymorph (9)
 J - a wand of iceblast (9)
 P - a wand of flame (36)
 Q - a wand of paralysis (4)
 S - a wand of enslavement (4)
Scrolls
 a - 3 scrolls of fog
 d - 4 scrolls of amnesia
 f - 9 scrolls of immolation
 g - a scroll of blinking
 m - 6 scrolls of remove curse
 n - 6 scrolls of enchant armour
 o - 3 scrolls of magic mapping
 C - 11 scrolls of teleportation
 T - a scroll of silence
Potions
 b - 5 potions of curing
 h - 3 potions of heal wounds
 s - 5 potions of invisibility
 u - 5 potions of lignification
 w - 5 potions of mutation
 z - 4 potions of flight
 A - 4 potions of brilliance
 F - 2 potions of resistance
 H - 4 potions of magic
 I - 5 potions of ambrosia
 Z - a potion of cancellation
Miscellaneous
 r - a phantom mirror (inert)
 O - a box of beasts (inert)
 W - a phial of floods
 X - a tin of tremorstones (2/2)
 Y - a lightning rod (2/4)


   Skills:
 - Level 10.0 Fighting
 + Level 10.1 Throwing
 - Level 10.0 Dodging
 - Level 13.0 Stealth
 - Level 10.0 Shields
 - Level 10.0 Unarmed Combat
 - Level 9.0 Spellcasting
 - Level 7.0 Transmutations
 - Level 9.0 Invocations
 - Level 13.0 Evocations


You had 22 spell levels left.
You knew the following spells:

 Your Spells              Type           Power        Failure   Level
a - Beastly Appendage     Tmut           ######       1%          1
b - Blade Hands           Tmut           ######....   1%          5
c - Wereblood             Tmut           ######..     1%          2
l - Blink                 Tloc           N/A          1%          2
o - Apportation           Tloc           ###...       1%          1

Your spell library contained the following spells:

 Spells                   Type           Power        Failure   Level
 Animate Skeleton         Necr           ###...       1%          1
 Corona                   Hex            ###....      1%          1
 Magic Dart               Conj           ###.         1%          1
 Shock                    Conj/Air       ###.         1%          1
 Summon Small Mammal      Summ           ###.         1%          1
 Call Imp                 Summ           ###.....     1%          2
 Slow                     Hex            ###.....     1%          2
 Swiftness                Air            ###.....     1%          2
 Spider Form              Tmut/Pois      #####.....   1%          3
 Ice Form                 Ice/Tmut       #####...     2%          4
 Conjure Flame            Conj/Fire      ###.....     3%          3
 Dazzling Flash           Conj/Hex       ###...       3%          3
 Gell's Gravitas          Tloc           ###.......   3%          3
 Inner Flame              Hex/Fire       ###.....     3%          3
 Mephitic Cloud           Conj/Pois/Air  ###.....     3%          3
 Portal Projectile        Hex/Tloc       ###...       3%          3
 Static Discharge         Conj/Air       ###.....     3%          3
 Airstrike                Air            ###.......   11%         4
 Cause Fear               Hex            ###.......   11%         4
 Hailstorm                Conj/Ice       ###.....     11%         4
 Leda's Liquefaction      Hex/Erth       ###.......   11%         4
 Bolt of Magma            Conj/Fire/Erth ###.......   26%         5
 Iskenderun's Battlesphe  Conj           ###.....     26%         5
 Lightning Bolt           Conj/Air       ###.......   26%         5
 Dispersal                Tloc           ###.......   80%         6
 Iron Shot                Conj/Erth      ###.......   80%         6
 Orb of Destruction       Conj           ###.......   100%        7
 Spellforged Servitor     Conj/Summ      ###.......   100%        7
 Disjunction              Tloc           ###.......   100%        8


Dungeon Overview and Level Annotations

Branches:
Dungeon (15/15)            Temple (1/1) D:7            Lair (6/6) D:10
  Swamp (1/4) Lair:4        Snake (0/4) Lair:4        Slime (0/5) Lair:6
    Orc (2/2) D:12            Elf (0/3) Orc:2        Vaults (0/5) D:14
 Depths (0/5) D:15

Altars:
Ashenzari
Cheibriados
Dithmenos
Elyvilon
Fedhas
Gozag
Hepliaklqana
Kikubaaqudgha
Makhleb
Nemelex Xobeh
Okawaru
Qazlal
Ru
Sif Muna
Trog
Uskayaw
Vehumet
Wu Jian
Xom
Yredelemnul
Zin
The Shining One
Beogh
Lugonu

Shops:
D:6 :   D:9 [   Orc:1 *   Orc:2 :}}=

Portals:
Trove: D:13 (give +7 demon blade)

Annotations:
D:13 2 transporters, Buli's ghost, journeyman GrEE
Swamp:1 exclusion: upstairs, Nikola


Innate Abilities, Weirdness & Mutations

You cannot wear most types of armour.
You are very stealthy in the water. (Stealth+)
You are amphibious.
You can wear up to eight rings at the same time.
You can use your tentacles to constrict eight enemies at once.
Your skin changes colour to match your surroundings (Stealth+).
Your rubbery body absorbs attacks. (AC +1, EV +1)
One of your tentacles bears a large vicious spike.
You have supernaturally acute eyesight. (SInv)
Your flesh is heat resistant. (rF+)
You passively map a small area around you.


Message History

You squeeze Nikola, but do no damage.
Nikola is heavily wounded.
You constrict Nikola. Nikola gestures at you while chanting. The zap hits you.
You bludgeon Nikola! You squeeze Nikola.
Nikola is heavily wounded.
You constrict Nikola.
Cast which spell? (? or * to list) One of your tentacles grows a vicious spike.
Your +2 hat melds into your body.
You constrict Nikola.
Nikola is no longer moving slowly.
Nikola gestures at Nikola while chanting.
The zap hits Nikola!
Nikola gestures wildly while chanting.
You hear a mighty clap of thunder!
The lightning arc hits you!!!
* * * LOW HITPOINT WARNING * * *
The lightning arc hits Nikola.
The lightning arc hits you!!
You die...

* ♣♣.♣♣♣...≈≈≈≈≈♣
♣≈♣<.♣...≈≈≈≈≈≈≈≈♣
♣≈......≈≈≈≈§≈≈≈≈♣
♣§.♣♣♣..≈≈≈♣♣.....
* ♣♣.
♣...♣≈≈≈...... ,
*.♣ ♣..≈≈≈≈♣..8...
♣. ♣..♣♣≈≈≈......,
*.. ♣...≈≈≈@§.@...
* ♣.♣
♣♣..≈≈@≈...≈.≈ * *
♣...≈≈≈≈≈≈≈≈≈
♣♣.§§♣≈§≈≈≈♣≈ *
♣♣§§§§§≈≈≈≈♣
♣♣§§§♣♣≈≈♣♣
♣♣§§.♣♣♣♣≈ *
♣§§..♣ * * ♣.?§.♣
≈ ♣...≈♣ ≈


You could see Nikola (poisoned) and the friendly Nikola (summoned, drained).

Vanquished Creatures
  An orc warlord (Orc:1)
  A bunyip (Lair:4)
  Snorg (D:11)
  3 ettins
  2 fire dragons (D:12)
  Fannar (Lair:3)
  4 vault guards (D:14)
  A great orb of eyes (D:12)
  13 hydras
  A boulder beetle (D:9)
  A catoblepas (D:12)
  The ghost of KristoblXynda the Carver, a novice DrGl of Ashenzari (D:10)
  Erica (D:11)
  A ghost crab (Swamp:1)
  An alligator (Swamp:1)
  8 two-headed ogres
  An ogre mage (D:15)
  A tengu warrior (D:15)
  7 death yaks
  4 orc high priests
  The ghost of Duffy the Destroyer, a novice NaFE (D:6)
  Urug (D:11)
  4 skeletal warriors (D:14)
  2 unseen horrors
  A harpy (D:13)
  Pikel (D:5)
  A phantasmal warrior (D:12)
  A lindwurm (Lair:6)
  4 orc knights (Orc:2)
  6 orc sorcerers
  3 oklob plants (Lair:5)
  A deep elf mage (D:15)
  12 ugly things
  3 slime creatures (D:15)
  2 manticores (D:12)
  3 cyclopes
  An eye of devastation (Lair:6)
  6 black mambas
  A torpor snail (Lair:4)
  25 cane toads
  2 molten gargoyles (D:11)
  6 komodo dragons
  3 rime drakes
  4 kobold demonologists
  An efreet (D:10)
  A tengu conjurer (D:15)
  A freezing wraith (D:14)
  4 trolls
  6 tyrant leeches
  2 hornets
  A meliai (D:13)
  Grinder (D:3)
  3 polar bears
  31 blink frogs
  5 dream sheep (Lair:5)
  A blink frog (shapeshifter) (D:15)
  2 meliai zombies
  3 shadows (D:12)
  A redback (D:12)
  6 wyverns
  Sigmund (D:3)
  2 vampires (D:14)
  3 spriggans (D:10)
  A wraith (D:14)
  35 yaks
  5 basilisks
  Grum (D:8)
  14 vampire mosquitoes
  2 steam dragons
  2 wargs
  3 swamp worms (Lair:4)
  A two-headed ogre zombie (D:12)
  An acid dragon (D:14)
  2 nagas (Lair:4)
  15 water moccasins
  A soldier ant (D:14)
  2 eyes of draining
  4 ice beasts
  26 orc warriors
  5 sky beasts
  3 black bears
  3 phantoms
  A centaur (D:9)
  23 ogres
  4 necrophages (D:6)
  2 lemures (D:5)
  10 wolves
  5 big kobolds
  34 bullfrogs
  A wyvern zombie (D:6)
  7 scorpions
  22 killer bees
  3 troll zombies (D:12)
  8 wights
  4 electric eels
  8 howler monkeys
  5 lava snakes (D:11)
  3 centaur zombies
  2 quasits
  A wyvern simulacrum (D:14)
  3 bullfrog zombies
  6 centaur skeletons
  3 bullfrog skeletons
  9 hounds
  8 jellies
  21 orc priests
  35 orc wizards
  Terence (D:3)
  3 iguanas
  Ijyb (D:3)
  8 worker ants
  8 hell rats
  4 ogre zombies (D:12)
  3 worker ant zombies
  A howler monkey skeleton (D:8)
  25 adders
  A river rat (Lair:4)
  A shadow imp (D:5)
  6 white imps
  3 ufetubi
  4 adder skeletons
  3 worms
  A dart slug (D:1)
  6 leopard geckos
  86 orcs
  2 ball pythons
  5 bats
  9 giant cockroaches
  7 hobgoblins
  21 jackals
  24 kobolds
  6 quokkas
  5 frilled lizards
  6 goblins
  A goblin skeleton (D:12)
  4 goblin zombies (D:12)
  A hobgoblin skeleton (D:12)
  3 hobgoblin zombies (D:12)
  A jackal zombie (D:8)
  A leopard gecko zombie (D:6)
  An orc skeleton (D:12)
  15 orc zombies (D:12)
  2 quokka zombies (D:6)
  10 rats
866 creatures vanquished.

Vanquished Creatures (collateral kills)
  A hydra (Swamp:1)
  A swamp dragon (Swamp:1)
  A gargoyle (D:10)
  5 komodo dragons
  A bullfrog (D:10)
  A ballistomycete (Lair:5)
  2 wights (D:10)
12 creatures vanquished.

Vanquished Creatures (others)
  An orc warrior (Orc:1)
  3 killer bees (D:10)
  6 bushes
  43 fungi
  183 plants
  A withered plant (D:10)
237 creatures vanquished.

Grand Total: 1115 creatures vanquished

Notes
Turn   | Place    | Note
-------+----------+-------------------------------------------
     0 | D:5      | RaHiT the Octopode Delver began the quest for the Orb.
     0 | D:5      | Reached XP level 1. HP: 16/16 MP: 1/1
    59 | D:5      | Reached XP level 2. HP: 2/21 MP: 2/2
   335 | D:5      | Found an iron altar of Okawaru.
   697 | D:3      | Reached XP level 3. HP: 20/26 MP: 2/4
   697 | D:3      | Noticed Grinder
   804 | D:4      | Found a shadowy altar of Dithmenos.
   859 | D:3      | Reached skill level 1 in Spellcasting
   865 | D:3      | Reached XP level 4. HP: 8/31 MP: 5/5
  1160 | D:3      | Noticed Ijyb
  1300 | D:3      | Found an ornate altar of the Wu Jian Council.
  1433 | D:3      | Killed Ijyb
  1434 | D:3      | Reached XP level 5. HP: 22/36 MP: 6/6
  1590 | D:3      | Noticed Terence
  1598 | D:3      | Killed Terence
  1642 | D:3      | Reached skill level 5 in Unarmed Combat
  1936 | D:1      | Reached XP level 6. HP: 32/42 MP: 7/7
  2941 | D:2      | Found a stormy altar of Qazlal.
  2943 | D:2      | Noticed an air elemental
  2943 | D:2      | Noticed a fire elemental
  2943 | D:2      | Noticed a water elemental
  3268 | D:2      | Found a hazy altar of Hepliaklqana.
  3827 | D:2      | Found a basalt altar of Yredelemnul.
  3924 | D:3      | Killed Grinder
  3925 | D:3      | Reached XP level 7. HP: 46/46 MP: 8/8
  3944 | D:3      | Noticed Sigmund
  3951 | D:3      | Killed Sigmund
  3952 | D:3      | Reached skill level 5 in Dodging
  4340 | D:3      | Found a glowing golden altar of the Shining One.
  4813 | D:4      | Reached skill level 1 in Evocations
  5218 | D:4      | Reached XP level 8. HP: 45/52 MP: 9/9
  6029 | D:5      | Reached skill level 5 in Evocations
  6699 | D:5      | Noticed Pikel
  6725 | D:5      | Killed Pikel
  7098 | D:6      | Reached XP level 9. HP: 56/56 MP: 10/10
  7121 | D:6      | Found a broken altar of Ashenzari.
  7121 | D:6      | Found a radiant altar of Vehumet.
  7316 | D:6      | Reached skill level 5 in Throwing
  7356 | D:6      | Found Acaiph's Book Emporium.
  7704 | D:6      | Found a blossoming altar of Fedhas.
  7749 | D:6      | Found a runed translucent gate.
  7749 | D:6      | Noticed Duffy's ghost (novice NaFE)
  7750 | D:6      | Found a runed translucent gate.
  7750 | D:6      | Found a runed translucent gate.
  7816 | D:6      | Found a bloodstained altar of Trog.
  7822 | D:6      | Found a hide-covered altar of Uskayaw.
  8221 | D:6      | Found a shimmering blue altar of Sif Muna.
  8774 | D:7      | Found a shimmering altar of Xom.
  9156 | D:7      | Reached skill level 5 in Fighting
  9290 | D:7      | Gained mutation: Your flesh is heat resistant. (rF+)
                  | [potion of mutation]
  9290 | D:7      | Gained mutation: You passively map a small area around you.
                  | [potion of mutation]
  9290 | D:7      | Gained mutation: You have supernaturally acute eyesight.
                  | (SInv) [potion of mutation]
  9381 | D:7      | Found a snail-covered altar of Cheibriados.
  9399 | D:7      | Became a worshipper of Cheibriados the Contemplative
  9429 | D:7      | Found an iron altar of Okawaru.
  9515 | D:7      | Found a staircase to the Ecumenical Temple.
  9600 | Temple   | Entered the Ecumenical Temple
  9741 | D:7      | Reached skill level 1 in Shields
  9876 | D:8      | Reached * piety under Cheibriados
  9959 | D:8      | Found a shadowy altar of Dithmenos.
 10327 | D:8      | Reached XP level 10. HP: 49/68 MP: 7/11
 10425 | D:8      | Reached skill level 5 in Shields
 10534 | D:8      | Noticed a two-headed ogre
 10652 | D:8      | Noticed Grum
 10924 | D:8      | Learned a level 1 spell: Apportation
 10983 | D:8      | Reached ** piety under Cheibriados
 11001 | D:8      | Killed Grum
 11322 | D:9      | Found Kustray's Armour Emporium.
 11391 | D:9      | Noticed Erolcha
 11395 | D:9      | Noticed Erolcha
 11395 | D:9      | Erolcha changed into Erolcha the steam dragon
 11399 | D:9      | Killed Erolcha the steam dragon
 11570 | D:9      | Reached skill level 5 in Spellcasting
 11757 | D:9      | Noticed a boulder beetle
 11761 | D:9      | Killed a boulder beetle
 11766 | D:9      | Reached *** piety under Cheibriados
 11775 | D:9      | Reached skill level 10 in Stealth
 11775 | D:9      | Reached skill level 1 in Invocations
 12009 | D:9      | Reached XP level 11. HP: 60/72 MP: 14/18
 12338 | D:9      | Identified the cursed +1 whip "Fikupa" {venom, *Contam
                  | rPois SInv Stlth+}
 12488 | D:9      | Identified a scroll of acquirement
 12488 | D:9      | Acquired 823 gold pieces
 12585 | D:6      | Bought a book of Changes for 300 gold pieces
 12588 | D:6      | Learned a level 2 spell: Wereblood
 12594 | D:6      | Learned a level 5 spell: Blade Hands
 12622 | D:6      | Learned a level 1 spell: Beastly Appendage
 12664 | D:6      | Reached skill level 5 in Invocations
 12680 | D:6      | Killed Duffy's ghost
 12680 | D:6      | Reached **** piety under Cheibriados
 13065 | D:10     | Entered Level 10 of the Dungeon
 13065 | D:10     | Found a basalt altar of Yredelemnul.
 13088 | D:10     | Noticed a two-headed ogre
 13096 | D:10     | Noticed a two-headed ogre
 13098 | D:10     | Killed a two-headed ogre
 13107 | D:10     | Killed a two-headed ogre
 13277 | D:10     | Found a staircase to the Lair.
 13481 | D:10     | Noticed a two-headed ogre
 13766 | D:10     | Found a runed translucent door.
 13769 | D:10     | Noticed KristoblXynda's ghost (novice DrGl)
 13769 | D:10     | Noticed a spriggan rider
 13987 | D:10     | Reached skill level 1 in Transmutations
 14088 | D:10     | Noticed a cyan ugly thing
 14095 | D:10     | Killed a cyan ugly thing
 14154 | D:10     | Killed a two-headed ogre
 14743 | D:11     | Noticed Snorg
 14747 | D:11     | Noticed a red ugly thing
 14752 | D:11     | Killed Snorg
 14753 | D:11     | Reached skill level 5 in Transmutations
 14753 | D:11     | Reached XP level 12. HP: 66/79 MP: 15/19
 15109 | D:11     | Noticed Erica
 15119 | D:11     | Killed Erica
 15302 | D:11     | Noticed Urug
 15715 | D:11     | Reached ***** piety under Cheibriados
 16099 | D:8      | Killed a two-headed ogre
 16195 | Lair:1   | Entered Level 1 of the Lair of Beasts
 17397 | Lair:2   | Noticed a five-headed hydra
 17409 | Lair:2   | Killed a five-headed hydra
 18076 | Lair:2   | Reached XP level 13. HP: 83/83 MP: 22/22
 18857 | Lair:3   | Noticed Fannar
 19009 | Lair:3   | Found a burning altar of Makhleb.
 19336 | Lair:3   | Killed Fannar
 20280 | Lair:4   | Found a staircase to the Snake Pit.
 21113 | Lair:4   | Found a staircase to the Swamp.
 21526 | Lair:5   | Reached ****** piety under Cheibriados
 21860 | Lair:5   | Reached XP level 14. HP: 87/94 MP: 23/23
 23157 | Lair:5   | Got a pitted war axe
 23158 | Lair:5   | Identified the +6 war axe "Hucov" {holy, +Inv rPois} (You
                  | found it on level 5 of the Lair of Beasts)
 23506 | Lair:6   | Entered Level 6 of the Lair of Beasts
 23549 | Lair:6   | Reached skill level 10 in Evocations
 24466 | Lair:6   | Reached skill level 10 in Fighting
 24840 | Lair:6   | Got a shimmering spear
 24841 | Lair:6   | Identified the cursed +0 spear of Instinct {antimagic,
                  | rN+++ Int-3} (You found it on level 6 of the Lair of
                  | Beasts)
 24992 | Lair:6   | Reached skill level 10 in Unarmed Combat
 25405 | Lair:6   | Found a staircase to the Slime Pits.
 26226 | D:11     | Killed Urug
 26227 | D:11     | Reached XP level 15. HP: 103/103 MP: 24/24
 26388 | D:12     | Found a staircase to the Orcish Mines.
 26530 | D:12     | Reached skill level 10 in Dodging
 28278 | D:13     | Reached skill level 10 in Shields
 28413 | D:13     | Found a transporter.
 28420 | D:13     | Noticed Buli's ghost (journeyman GrEE)
 28431 | D:13     | Found a transporter.
 28578 | D:13     | Found a portal to a secret trove of treasure.
 29184 | D:14     | Found a gate to the Vaults.
 30083 | D:15     | Entered Level 15 of the Dungeon
 30387 | D:15     | Reached skill level 10 in Throwing
 30566 | D:15     | Learned a level 2 spell: Blink
 30578 | D:15     | Found a staircase to the Depths.
 30902 | D:15     | Reached XP level 16. HP: 50/109 MP: 28/28
 31451 | Orc:1    | Entered Level 1 of the Orcish Mines
 31462 | Orc:1    | Found a roughly hewn altar of Beogh.
 31781 | Orc:1    | Found a roughly hewn altar of Beogh.
 31842 | Orc:2    | Entered Level 2 of the Orcish Mines
 31909 | Orc:2    | Found a roughly hewn altar of Beogh.
 31984 | Orc:2    | Found a staircase to the Elven Halls.
 32423 | Orc:2    | Found Huowywed's Book Shoppe.
 32644 | Orc:2    | Found Ezegef's Gadget Shoppe.
 32649 | Orc:2    | Found Qeiffox's Gadget Shop.
 32679 | Orc:2    | Found Hohuthu's Jewellery Shop.
 32703 | Orc:2    | Bought the ring of the Mage {Wiz MR++ Int+3} for 723 gold
                  | pieces
 32703 | Orc:2    | Found the ring of the Mage {Wiz MR++ Int+3}
 32797 | Orc:1    | Found Veuniof's General Store.
 33176 | D:10     | Identified the +9 trident of Utielosa {protect, SInv}
 33193 | D:10     | Killed KristoblXynda's ghost
 33215 | D:10     | Identified the Incunabulum of Conjuration and Feathers
 33452 | Swamp:1  | Entered Level 1 of the Swamp
 33811 | Swamp:1  | Noticed Nikola
 33825 | Swamp:1  | Killed from afar by Nikola

Illustrated notes

Levels and vault maps discovered:
D:1:      minmay_arrival_split_and_join, layout_basic,
          kennysheep_decorative_pillar
D:2:      layout_basic, lemuel_round_altar, nicolae_qazlal_style_of_elements,
          nicolae_overflow_hidden_temple, chequers_jeans
D:3:      layout_loops_ring, tso_oasis_becter, general_overflow_altar,
          grunt_ministairs_1, uniq_sigmund, uniq_grinder, uniq_ijyb,
          uniq_terence
D:4:      layout_layer_cave, old_standard_altar
D:5:      minmay_evil_eye, layout_loops_ring, okawaru_metal_pillars_3,
          uniq_pikel
D:6:      layout_layer_cave, fedhas_altar_decomposition, kennysheep_little_box,
          minitemple, gammafunk_temple_overflow_pools, serial_shops, shop,
          gammafunk_ghost_split
D:7:      layout_basic, kennysheep_mini, cheibrodos_worm_habitat,
          minmay_temple_entry_drinking_statues, basic_altar
D:8:      layout_rooms, grunt_dithmenos_shadows, uniq_grum
D:9:      minmay_bubble_buster, layout_irregular_city, serial_shops, shop,
          nrook_mini_backslash, uniq_erolcha
D:10:     layout_loops_corners, david_lair_shrubbed,
          ebering_ghost_funeral_grove, yredelemnul_altar_generic
D:11:     cheibrodos_magma_flow, layout_long_grid, uniq_erica, uniq_snorg,
          uniq_urug
D:12:     minmay_bad_star, layout_basic, zombieorc2_lemuel
D:13:     layout_roguey, gammafunk_ghost_berserking_beasts, enter_trove_0,
          water_maze_lemuel
D:14:     kennysheep_ambush_hall, layout_loops_cross,
          lightli_vaults_fourway_checkpoint, small_statue_intersection
D:15:     hangedman_depths_entry_civil_slaughter, layout_stronghold,
          minivault_11, grunt_decor_cap
Temple:   corrupted_temple
Lair:1:   layout_roguey, nicolae_lair_grove_arrangements, lemuel_fruit_tree
Lair:2:   layout_long_grid, beast_lair_carwin_6, grunt_megastairs_5,
          infiniplex_staircase_pool_2
Lair:3:   layout_concentric_octagons, basic_altar, uniq_fannar
Lair:4:   layout_long_grid, palyth_hydra_swamp_entry,
          guppyfry_snake_entry_garden, kennysheep_abandoned_house
Lair:5:   layout_cellular_growth, minmay_hedge_maze, grunt_megastairs_3,
          infiniplex_staircase_pool, minmay_lair_oklob_chamber,
          serial_bayou_shore_b
Lair:6:   minmay_lair_end_frog_pond, layout_big_grid, minmay_slime_entry_eyes,
          serial_bayou, serial_bayou_pond_e, serial_bayou_pond_c,
          serial_bayou_pond_e, serial_bayou_pond_c, serial_bayou_shore_b
Swamp:1:  layout_falls_marsh, nicolae_swamp_feature_on_the_river_bank,
          swamp_pool3, uniq_nikola
Orc:1:    layout_caves, basic_altar, serial_shops, shop, minmay_orc_temple_c
Orc:2:    st_orc_elflike, layout_diamond_mine, basic_altar

Skill      XL: |  1  2  3  4  5  6  7  8  9 10 11 12 13 14 15 16 |
---------------+-------------------------------------------------+-----
Stealth        | 7 10 12 13 | 13.0
Unarmed Combat | 3 4 5 6 8 10 | 10.0
Spellcasting   | 1 5 6 8 9 |  9.0
Dodging        | 4 6 8 9 10 | 10.0
Evocations     | 3 6 8 9 10 13 | 13.0
Throwing       | 4 6 8 10 | 10.1
Fighting       | 6 8 10 | 10.0
Shields        | 4 6 8 10 | 10.0
Invocations    | 3 9 |  9.0
Transmutations | 5 7 |  7.0

Action                   |  1- 3 |  4- 6 |  7- 9 | 10-12 | 13-15 | 16-18 || total
-------------------------+-------+-------+-------+-------+-------+-------++-------
Melee: Unarmed           |    51 |   137 |   375 |   498 |   866 |   224 ||  2151
       Tentacles         |    11 |    37 |    82 |   157 |   363 |    94 ||   744
       Constrict         |    10 |    39 |    80 |    70 |   182 |    59 ||   440
       Punch             |     1 |     7 |    27 |    43 |   100 |    34 ||   212
       Kick              |       |       |       |    77 |   524 |   123 ||   724
       War axe           |       |       |       |       |     2 |     3 ||     5
Throw: Boomerang         |       |     3 |    24 |     9 |   120 |    34 ||   190
       Stone             |       |       |    14 |    52 |   251 |    32 ||   349
       Dart              |       |       |     8 |    79 |       |     1 ||    88
       Javelin           |       |       |       |     4 |     5 |     5 ||    14
 Cast: Apportation       |       |       |       |     8 |    42 |       ||    50
       Beastly Appendage |       |       |       |    20 |    97 |    21 ||   138
       Wereblood         |       |       |       |     4 |    37 |    12 ||    53
       Blade Hands       |       |       |       |     7 |     4 |       ||    11
Invok: Slouch            |       |       |       |     4 |     3 |     6 ||    13
       Temporal Distorti |       |       |       |       |     2 |     2 ||     4
 Abil: Evoke Invisibilit |       |       |       |       |     1 |     2 ||     3
Evoke: Wand              |       |     4 |       |    46 |    47 |     2 ||    99
       Box of beasts     |       |       |       |     1 |     1 |     1 ||     3
       Lightning rod     |       |       |       |       |     5 |     6 ||    11
       Phantom mirror    |       |       |       |       |       |     1 ||     1
       Tin of tremorston |       |       |       |       |       |     1 ||     1
  Use: Scroll            |     1 |     2 |    10 |    11 |    16 |     4 ||    44
       Potion            |     1 |       |     1 |     4 |     1 |     1 ||     8
 Stab: Sleeping          |     1 |    10 |    16 |    19 |    24 |     4 ||    74
       Distracted        |       |     1 |     2 |     1 |       |       ||     4
       Paralysed         |       |       |       |       |     3 |       ||     3
       Petrified         |       |       |       |       |     1 |       ||     1
       Invisible         |       |       |       |       |       |     1 ||     1
Armor: Skin              |     2 |     8 |    19 |    17 |    48 |    20 ||   114
Dodge: Dodged            |    35 |    64 |   245 |   282 |   500 |   160 ||  1286
Block: Buckler           |       |       |       |   143 |   388 |   130 ||   661

Table legend: (Time is in decaauts)
 A = Elapsed time spent in this place.
 B = Non-inter-level travel time spent in this place.
 C = Inter-level travel time spent in this place.
 D = Time resting spent in this place.
 E = Time spent auto-exploring this place.
 F = Levels seen in this place.
 G = Mean time per level.
                   A        B        C        D        E       F      G
               +--------+--------+--------+--------+--------+-----+--------+
         Total |  45526 |  41954 |   3572 |   8574 |  10308 |  25 | 1821.0 |
       Dungeon |  27491 |  25205 |   2286 |   5071 |   7751 |  15 | 1832.7 |
        Temple |    105 |     90 |     15 |      0 |     88 |   1 |  105.0 |
          Lair |  14932 |  14055 |    877 |   3503 |   2469 |   6 | 2488.7 |
         Swamp |    108 |    108 |      0 |      0 |      0 |   1 |  108.0 |
  Orcish Mines |   2887 |   2495 |    392 |      0 |      0 |   2 | 1443.5 |
               +--------+--------+--------+--------+--------+-----+--------+

Top non-repeatable levels by time:
  Lair:5: 3699 daAuts
  Lair:4: 3046 daAuts
    D:10: 2840 daAuts
  Lair:6: 2710 daAuts
    D:12: 2518 daAuts
    D:11: 2332 daAuts
     D:6: 2246 daAuts
    D:15: 2141 daAuts
  Lair:2: 2107 daAuts
    D:14: 2098 daAuts
   Orc:2: 1829 daAuts
     D:9: 1794 daAuts
     D:8: 1751 daAuts
  Lair:3: 1706 daAuts
     D:5: 1692 daAuts
